Unix NetHack Version 3.7.0-53 Work-in-progress - last build Apr 18 2022 03:42:42 (02b85442fffe0e2954e411e09df771b56fe27bbc,branch:master). Game began 2022-04-26 11:11:48, ended 2022-04-26 11:39:21. elenmirie, neutral female gnomish Healer --- ---..- |.....--- ..--.---...-- ......| -....-- ..) .....-- .... ........@d....... ..... ........i....... ..... h###.........*... ..... ........ |.... ..... .... ---G -<.. -.. i |.. .. f ....- ....... ...(... ....... .|... -. Elenmirie the Rhizotomist St:9 Dx:9 Co:14 In:10 Wi:17 Ch:16 Neutral Dlvl:7 $:21 HP:0(15) Pw:7(7) AC:5 Xp:1/0 T:2551 Latest messages: Yermak bites the grid bug. The grid bug is killed! You see here a whistle. E - a whistle. What do you want to use or apply? [fwxCEP or ?*] E You produce a strange whistling sound. What do you want to adjust? [abfmnswxzB-EP or ?*] E Adjust letter to what [c-eg-lo-rt-vyAE-OQ-Z] (? see used letters)? p Moving: p - a whistle. What do you want to call? [bfpswB-D or ?*] p Call a whistle: magic You descend the stairs. This place looks familiar... The little dog bites! What do you want to use or apply? [fpwxCP or ?*] w j - an uncursed apple. The little dog bites! The little dog bites! What do you want to throw? [$z or ?*] j In what direction? b The apple misses the little dog. j - an uncursed apple. You hear some noises. Coco climbs out of the pit. Pick an object. What do you want to throw? [$z or ?*] n In what direction? n Coco devours a tripe ration. You hear some noises in the distance. You see here a red gem. Coco falls into a pit! You see here a red gem. You hear crashing rock. The manes hits! The manes hits! The manes bites! You hear crashing rock. A cloud of gas puts you to sleep! Yermak drops a mace. The manes hits! The manes hits! The manes bites! The manes hits! The manes hits! You die... Do you want your possessions identified? [ynq] (y) y Do you want to see your attributes? [ynq] (y) y Do you want an account of creatures vanquished? [ynaq] (y) y Do you want to see your conduct and achievements? [ynq] (y) y Do you want to see the dungeon overview? [ynq] (y) y Major events: Turn 1: elenmirie the neutral female gnomish Healer entered the dungeon 1853: entered the Gnomish Mines 2551: killed by a manes, while sleeping Inventory: Coins $ - 21 gold pieces Amulets B - a cursed amulet of strangulation Weapons z - 3 uncursed +0 daggers a - an uncursed +0 scalpel (weapon in hand) Armor s - a blessed +0 orcish helm (being worn) b - a blessed +1 pair of leather gloves (being worn) D - an uncursed +0 dwarvish cloak (being worn) m - a blessed +0 leather armor (being worn) Comestibles j - an uncursed apple Wands f - an uncursed wand of sleep (0:4) C - an uncursed wand of slow monster (0:3) Tools w - an uncursed bag of holding containing 16 items p - an uncursed magic whistle x - an uncursed +0 pick-axe P - an uncursed stethoscope Contents of the bag of holding: 1894 gold pieces 6 uncursed apples a cursed scroll of confuse monster a cursed scroll of enchant weapon an uncursed scroll of identify an uncursed scroll of light an uncursed spellbook of detect unseen a blessed spellbook of extra healing a blessed spellbook of healing a blessed spellbook of stone to flesh an uncursed potion of booze 4 uncursed potions of extra healing an uncursed potion of healing an uncursed potion of restore ability a cursed potion of sleeping a potion of holy water Elenmirie the Healer's attributes: Background: You were a Rhizotomist, a level 1 female gnomish Healer. You were neutral, nominally on a mission for Hermes who was opposed by Athena (lawful) and Poseidon (chaotic). You were in the Gnomish Mines, on level 7. You entered the dungeon 2551 turns ago. You had 0 experience points, 20 were needed to attain level 2. Basics: You had 0 out of 15 hit points. You had all 7 energy points (spell power). Your armor class was 5. Your wallet contained 21 zorkmids. Autopickup was on for '$' plus thrown. Final Characteristics: Your strength was 9 (limit:18/50). Your dexterity was 9 (limit:18). Your constitution was 14 (limit:18). Your intelligence was 10 (limit:19). Your wisdom was 17 (limit:18). Your charisma was 16 (limit:18). Final Status: You were not hungry. You were unencumbered. You were wielding a knife. You had basic skill with knife. Final Attributes: You were fervently aligned. You were poison resistant. You had infravision. You were warded. You are dead. Miscellaneous: You encountered 1 bones level. Total elapsed playing time was 26 minutes and 29 seconds. Vanquished creatures: a shrieker a gnome leader a little dog 4 dwarves a giant bat 2 iguanas 2 acid blobs a coyote 4 manes 3 giant rats 3 cave spiders a green mold 2 red molds 3 gnomes 9 geckos 3 jackals a kobold 2 goblins 5 grid bugs 7 lichens 2 kobold zombies 6 newts 64 creatures vanquished. No species were genocided or became extinct. Voluntary challenges: You were an atheist. You were a pacifist. You read items or engraved 2 times. You never engraved Elbereth. You never genocided any monsters. You never polymorphed an object. You never changed form. You used no wishes. Achievement: You entered the Gnomish Mines. The Dungeons of Doom: levels 1 to 4 Level 1: Level 2: A fountain. Level 3: Level 4: A fountain. Stairs down to The Gnomish Mines. The Gnomish Mines: levels 5 to 7 Level 5: Level 6: Level 7: <- You were here. Final resting place for you, killed by a manes, while sleeping, elenmirie-Hea-Gno-Fem-Neu, killed by a manes. Game over: ---------- / \ / REST \ / IN \ / PEACE \ / \ | elenmirie | | 1915 Au | | killed by a | | manes | | | | | | 2022 | *| * * * | * _________)/\\_//(\/(/\)/\//\/|_)_______ Goodbye elenmirie the Healer... You died in The Gnomish Mines on dungeon level 7 with 410 points, and 1915 pieces of gold, after 2551 moves. You were level 1 with a maximum of 15 hit points when you died.